 Dungeon Crawl Stone Soup version 0.31-a0-4-gefa6de2278 (webtiles) character file.

Game seed: 6478842096638263483

7591 Lymetel the Basher (level 10, -22/77 HPs)
             Began as a Demonspawn Chaos Knight on May 4, 2023.
             Was a Plaything of Xom.
             Annihilated by Erica the sea snake (glowing shapeshifter) (29 damage)
             ... on level 9 of the Dungeon.
             The game lasted 00:13:49 (8159 turns).

Lymetel the Basher (Demonspawn Chaos Knight)        Turns: 8159, Time: 00:13:49

Health: -22/77     AC: 19    Str: 16    XL:     10   Next: 97%
Magic:  10/10      EV: 12    Int: 13    God:    Xom [.*....]
Gold:   573        SH:  5    Dex: 16    Spells: 9/9 levels left

rFire   . . .        a - +6 mace (chaos)
rCold   . . .        b - orb {light}
rNeg    . . .        w - +1 shadow dragon scales
rPois   .            (no helmet)
rElec   .            t - +0 cloak
rCorr   .            (gloves unavailable)
SInv    .            r - +2 pair of boots
Will    .....        y - amulet of reflection
Stlth   +            x - +5 ring of evasion
HPRegen 0.32/turn    v - +4 ring of protection
MPRegen 0.12/turn

%: reflection
@: mighty, glowing, unable to read
A: yellow scales 1, demonic touch 3, hooves 1, agile 1, deformed body, inability
to read after injury 1, MP-powered wands
a: Renounce Religion


You were on level 9 of the Dungeon.
You worshipped Xom.
You were a plaything of Xom.
You visited 1 branch of the dungeon, and saw 9 of its levels.

You collected 573 gold pieces.

Inventory:

Hand Weapons
 a - a +6 mace of chaos (weapon)
Armour
 b - an orb of light (worn)
 r - a +2 pair of boots (worn)
 t - a +0 cloak (worn)
 w - +1 shadow dragon scales (worn)
Jewellery
 e - a ring of protection from fire
 k - a ring of willpower
 l - a ring of flight
 v - a +4 ring of protection (right hand)
 x - a +5 ring of evasion (left hand)
 y - an amulet of reflection (around neck)
 A - an amulet of magic regeneration
Wands
 i - a wand of charming (4)
 m - a wand of iceblast (36)
 q - a wand of mindburst (10)
 u - a wand of flame (36)
 z - a wand of quicksilver (15)
Scrolls
 d - 5 scrolls of teleportation
 f - a scroll of magic mapping
 g - a scroll of silence
 h - 8 scrolls of identify
 s - 2 scrolls of immolation
 C - a scroll of fog {unknown}
Potions
 n - 2 potions of brilliance
 o - 3 potions of curing
 B - a potion of mutation {unknown}
Miscellaneous
 c - a piece from Xom's chessboard (15/15) (quivered)


   Skills:
 + Level 6.5 Fighting
 + Level 13.7 Maces & Flails
 + Level 5.6 Armour
 - Level 0.8 Dodging


You had 9 spell levels left.
You didn't know any spells.
Your spell library contained the following spells:

 Spells                   Type           Power      Damage    Failure   Level
 Magic Dart               Conj           0%         1d3       99%         1
 Call Imp                 Summ           0%         N/A       100%        2
 Inner Flame              Hex/Fire       0%         N/A       100%        3
 Mephitic Cloud           Conj/Pois/Air  0%         N/A       100%        3
 Vhi's Electric Charge    Tloc/Air       0%         N/A       100%        3
 Arcjolt                  Conj/Air       0%         1d10      100%        5
 Yara's Violent Unravell  Hex/Tmut       0%         3d3       100%        5
 Enfeeble                 Hex            0%         N/A       100%        7
 Maxwell's Capacitive Co  Air            0%         ∞         100%        8


Dungeon Overview and Level Annotations

Branches:
Dungeon (9/15)             Temple (0/1) D:5            Lair (0/5) D:8
    Orc (0/2) D:9

Altars:
Ashenzari
Cheibriados

Annotations:
D:9 Erica, Maurice


Innate Abilities, Weirdness & Mutations

You are partially covered in yellow scales. (AC +2)
Your touch may irresistibly damage your foes and sap their willpower.
You have large cloven feet.
You are agile. (Dex +4, Str/Int -1)
Armour fits poorly on your strangely shaped body.
You occasionally lose the ability to read scrolls when taking damage.
You expend magic power (3 MP) to strengthen your wands.


Message History

You closely miss Erica.
Erica is severely wounded.
Erica bites you but does no damage.
You hit Erica.
Erica is almost dead.
Erica the wind drake changes into a swamp dragon!
You sock Erica! You burn Erica.
Erica is heavily wounded.
You sock Erica! Lightning courses through Erica!
Erica is severely wounded.
Erica bites you. Erica claws you but does no damage.
Erica tramples you but does no damage. Maurice closely misses you.
You hit Erica but do no damage.
Erica goes berserk!
Erica is severely wounded.
Erica bites you!!
You feel threatened and lose the ability to read scrolls!
* * * LOW HITPOINT WARNING * * *
Erica claws you but does no damage. Erica tramples you.
* * * LOW HITPOINT WARNING * * *
You hold your ground!
Maurice zaps a wand.
The bolt of dispelling energy misses you.
You feel much better.
Maurice stops moving altogether!
Erica bites you!!
* * * LOW HITPOINT WARNING * * *
Erica closely misses you. Erica tramples you but does no damage.
Erica closely misses you. x2; Erica tramples you but does no damage.
Okay, then.
You cannot read scrolls in your current state!
You feel very mighty all of a sudden.
Erica the swamp dragon changes into a sea snake!
You sock Erica!
Erica goes berserk!
Erica is heavily wounded.
Erica barely misses you.
You barely miss Erica.
Erica is heavily wounded.
Erica completely misses you.
You closely miss Erica.
Erica is heavily wounded.
Erica bites you!!
You die...
Xom snickers!

~8.)8~~~~~~~#.##.~####≈~.#
~~~~~~~~~~~~#....≈# #≈≈.#
~~~~~~~~~~~~#.#..≈# +≈~.#
~~~~~~~~~~~##.##.~# +~~.#
~~~~~~~~~~###.##.~# +≈~.#
~~~~~~~~~## #.##.~#
~~~~~~~~## ..##.~####≈~
~~~~~~~## #@~≈~~≈~~
######## #@....... ..[...#
##S####.. #####.# .# . ###
.# .. ##


You could see Erica the sea snake shaped shifter (berserk) and Maurice
(invisible, petrified).

Vanquished Creatures
  A two-headed ogre (D:9)
  Pikel (D:8)
  Joseph (D:9)
  Psyche (D:8)
  A rime drake (D:8)
  The ghost of Zadymka the Chopper, an amateur HOMo of Beogh (D:5)
  A hornet (D:9)
  Sigmund (D:4)
  A wyvern (D:9)
  Eustachio (D:6)
  Grum (D:8)
  A golden eye (D:4)
  A steam dragon (D:7)
  2 acid dragons
  2 water moccasins
  4 ice beasts (D:8)
  3 orc warriors
  A boggart (D:6)
  2 ogres (D:6)
  4 wolves (D:8)
  2 centaurs
  2 kobold brigands
  2 bullfrogs
  Blork the orc (D:6)
  3 scorpions
  A gnoll sergeant (D:6)
  4 wights (D:8)
  Dowan (D:4)
  5 killer bees (D:9)
  3 electric eels (D:9)
  4 howler monkeys
  6 hounds (D:6)
  10 orc priests
  A jelly (D:7)
  3 iguanas
  7 orc wizards
  12 gnolls
  8 adders
  4 white imps
  4 worms
  5 dart slugs
  31 orcs
  9 ball pythons
  6 bats
  5 endoplasms
  2 giant cockroaches (D:1)
  9 goblins
  9 hobgoblins
  11 jackals
  5 quokkas
  3 frilled lizards
  15 kobolds
  6 rats
230 creatures vanquished.

Vanquished Creatures (collateral kills)
  A yak (shapeshifter) (D:9)
  An orc warrior (D:7)
  4 gnolls (D:6)
  An orc (D:7)
7 creatures vanquished.

Vanquished Creatures (others)
  An orc (D:9)
  2 plants (D:1)
3 creatures vanquished.

Grand Total: 240 creatures vanquished

Notes
Turn   | Place    | Note
-------+----------+-------------------------------------------
     0 | D:1      | Lymetel the Demonspawn Chaos Knight began the quest for the
                  | Orb.
     0 | D:1      | Reached XP level 1. HP: 18/18 MP: 1/1
   133 | D:1      | Reached skill level 3 in Maces & Flails
   206 | D:1      | Gained mutation: Your touch may inflict minor irresistible
                  | damage on your foes. [demonic ancestry]
   206 | D:1      | Reached XP level 2. HP: 21/24 MP: 2/2
   238 | D:1      | Found a faded altar of an unknown god.
   341 | D:1      | XOM: silly message
   542 | D:1      | Gained mutation: Your touch may inflict irresistible damage
                  | on your foes. [demonic ancestry]
   542 | D:1      | Reached XP level 3. HP: 29/29 MP: 3/3
   696 | D:1      | Reached skill level 4 in Maces & Flails
   988 | D:2      | Reached XP level 4. HP: 30/35 MP: 4/4
  1018 | D:2      | Found a broken altar of Ashenzari.
  1026 | D:2      | XOM: silly message
  1272 | D:2      | XOM: cloud trail
  1308 | D:2      | XOM: 1-stop teleportation journey
  1395 | D:2      | Reached skill level 5 in Maces & Flails
  1556 | D:2      | XOM: divination: magic mapping
  1595 | D:3      | XOM: god gift: scroll labelled JURUJA WAIMIU {god gift}
  1668 | D:3      | XOM: give mutations
  1668 | D:3      | Gained mutation: You occasionally lose the ability to read
                  | scrolls when taking damage. [Xom's mischief]
  1668 | D:3      | Gained mutation: You have sharp toenails. [Xom's mischief]
  1668 | D:3      | Gained mutation: Armour fits poorly on your strangely
                  | shaped body. [Xom's mischief]
  1668 | D:3      | Gained mutation: Your flesh is heat resistant. (rF+) [Xom's
                  | mischief]
  1785 | D:3      | XOM: smoke on damage
  1820 | D:3      | Gained mutation: You are partially covered in yellow
                  | scales. (AC +2) [demonic ancestry]
  1820 | D:3      | Reached XP level 5. HP: 41/41 MP: 5/5
  2208 | D:4      | Reached skill level 6 in Maces & Flails
  2252 | D:4      | Reached XP level 6. HP: 47/47 MP: 6/6
  2256 | D:4      | Identified the +3 fire dragon scales "Qane" {Harm rF++ rC-}
  2311 | D:4      | Noticed Sigmund
  2319 | D:4      | Killed Sigmund
  2320 | D:4      | Reached skill level 7 in Maces & Flails
  2337 | D:4      | Noticed Duvessa
  2337 | D:4      | XOM: confusion
  2337 | D:4      | Noticed Dowan
  2343 | D:4      | XOM: give mutations
  2343 | D:4      | Lost mutation: Your flesh is heat resistant. (rF+) [Xom's
                  | mischief]
  2343 | D:4      | Gained mutation: You have hidden genetic potential. [Xom's
                  | mischief]
  2343 | D:4      | Lost mutation: You have sharp toenails. [Xom's mischief]
  2343 | D:4      | Gained mutation: You have large cloven feet. [Xom's
                  | mischief]
  2345 | D:4      | XOM: enchant monster (bad)
  2349 | D:4      | Duvessa changed into Duvessa the golden eye
  2349 | D:4      | Noticed Duvessa
  2349 | D:4      | XOM: polymorph Duvessa -> Duvessa the golden eye
  2351 | D:4      | XOM: enchant monster (good)
  2358 | D:4      | XOM: confuse monster(s)
  2359 | D:4      | XOM: fake destruction
  2363 | D:4      | Killed Duvessa the golden eye
  2364 | D:4      | Reached XP level 7. HP: 52/52 MP: 7/7
  2367 | D:4      | Killed Dowan
  2642 | D:4      | Reached skill level 8 in Maces & Flails
  2736 | D:4      | XOM: god gift: scroll of enchant armour
  2805 | D:5      | Entered Level 5 of the Dungeon
  2840 | D:5      | Gained mutation: You are agile. (Dex +4, Str/Int -1)
                  | [hidden potential]
  2843 | D:5      | Found a staircase to the Ecumenical Temple.
  3251 | D:5      | Noticed Zadymka's ghost (amateur HOMo)
  3254 | D:5      | Found a runed translucent door.
  3280 | D:5      | XOM: 1-stop teleportation journey
  3295 | D:5      | XOM: noise
  3350 | D:5      | XOM: 1-stop teleportation journey
  3564 | D:5      | XOM: god gift: blackened fluorescent amulet {god gift}
  3690 | D:5      | XOM: destruction
  3695 | D:5      | XOM: divination: detect items
  3703 | D:5      | Killed Zadymka's ghost
  3704 | D:5      | Reached skill level 9 in Maces & Flails
  3704 | D:5      | Reached XP level 8. HP: 54/58 MP: 8/8
  3761 | D:6      | XOM: 2-stop teleportation journey
  3845 | D:6      | Gained mutation: You expend magic power (3 MP) to
                  | strengthen your wands. [hidden potential]
  3845 | D:6      | Lost mutation: You have hidden genetic potential. [hidden
                  | potential expressed]
  3901 | D:6      | Noticed Blork the orc
  3907 | D:6      | Killed Blork the orc
  4039 | D:6      | Reached skill level 10 in Maces & Flails
  4177 | D:6      | Noticed Maggie
  4185 | D:6      | Maggie changed into Maggie the boggart
  4185 | D:6      | Noticed Maggie
  4187 | D:6      | Killed Maggie the boggart
  4588 | D:6      | Reached skill level 11 in Maces & Flails
  4687 | D:6      | Noticed Eustachio
  4698 | D:6      | Killed Eustachio
  4699 | D:6      | Gained mutation: Your touch may irresistibly damage your
                  | foes and sap their willpower. [demonic ancestry]
  4699 | D:6      | Reached XP level 9. HP: 53/63 MP: 9/9
  5024 | D:6      | XOM: scenery: 1 doors close
  5201 | D:7      | Reached skill level 12 in Maces & Flails
  5216 | D:7      | XOM: god gift: shadow dragon scales {god gift}
  5350 | D:7      | XOM: smoke on damage
  5351 | D:7      | XOM: summons 3 friendly demons
  5356 | D:7      | XOM: god gift: ring of protection from fire
  5415 | D:7      | XOM: 3-stop teleportation journey
  5466 | D:7      | Identified the +0 ring mail "Koit" {rCorr Str+5 Slay-3}
  5580 | D:7      | XOM: butterfly on damage
  6032 | D:8      | Noticed a rime drake
  6038 | D:8      | XOM: divination: detect items
  6041 | D:8      | Killed a rime drake
  6048 | D:8      | Found a staircase to the Lair.
  6061 | D:8      | Reached XP level 10. HP: 56/71 MP: 10/10
  6120 | D:8      | Reached skill level 13 in Maces & Flails
  6188 | D:8      | Noticed Pikel
  6188 | D:8      | XOM: blink monster(s)
  6207 | D:8      | Killed Pikel
  6364 | D:8      | Noticed Grum
  6367 | D:8      | XOM: cast spell 'Alistair's Intoxication'
  6378 | D:8      | XOM: enchant monster (bad)
  6388 | D:8      | Killed Grum
  6515 | D:8      | Noticed Psyche
  6622 | D:8      | Found a snail-covered altar of Cheibriados.
  6725 | D:8      | Reached skill level 5 in Fighting
  6846 | D:8      | XOM: summons friendly shadow imp
  6854 | D:8      | Killed Psyche
  6913 | D:9      | XOM: smoke on damage
  7074 | D:9      | Noticed a two-headed ogre
  7074 | D:9      | XOM: 2-stop teleportation journey
  7095 | D:9      | XOM: cast spell 'Monstrous Menagerie'
  7245 | D:9      | XOM: silly message
  7339 | D:9      | XOM: enchant monster (bad)
  7343 | D:9      | XOM: confusion (+ monsters)
  7391 | D:9      | Noticed Joseph
  7391 | D:9      | XOM: 10-stop teleportation journey
  7442 | D:9      | XOM: god gift: 6 stones
  7473 | D:9      | Killed a two-headed ogre
  7474 | D:9      | Reached skill level 5 in Armour
  7577 | D:9      | XOM: confuse monster(s)
  7579 | D:9      | XOM: enchant monster (good)
  7584 | D:9      | Killed Joseph
  7710 | D:9      | Found a staircase to the Orcish Mines.
  7797 | D:9      | XOM: 1-stop teleportation journey
  8129 | D:9      | Noticed Erica
  8133 | D:9      | Noticed Maurice
  8138 | D:9      | Erica changed into Erica the glowing shapeshifter
  8138 | D:9      | Noticed Erica (glowing shapeshifter)
  8138 | D:9      | XOM: polymorph Erica -> Erica the glowing shapeshifter
  8139 | D:9      | XOM: enchant monster (bad)
  8139 | D:9      | Erica the glowing shapeshifter changed into Erica the orb
                  | spider
  8139 | D:9      | Noticed Erica (glowing shapeshifter)
  8140 | D:9      | Erica the orb spider changed into Erica the moth of wrath
  8140 | D:9      | Noticed Erica (glowing shapeshifter)
  8144 | D:9      | Erica the moth of wrath changed into Erica the wind drake
  8149 | D:9      | XOM: enchant monster (good)
  8151 | D:9      | Erica the wind drake changed into Erica the swamp dragon
  8151 | D:9      | Noticed Erica (glowing shapeshifter)
  8154 | D:9      | HP: 3/77 [Erica the swamp dragon (glowing shapeshifter)
                  | (6)]
  8156 | D:9      | Erica the swamp dragon changed into Erica the sea snake
  8156 | D:9      | Noticed Erica (glowing shapeshifter)
  8159 | D:9      | Annihilated by Erica the sea snake (glowing shapeshifter)

Illustrated notes

Levels and vault maps discovered:
D:1:      evilmike_arrival_crescent, layout_loops_ring,
          shapermc_ecumenical_altar_mp_ritualfount, amcnicky_mini_pool_small
D:2:      layout_basic, basic_altar
D:3:      layout_rooms
D:4:      layout_basic, hangedman_decor_growths, uniq_sigmund, uniq_duvessa
D:5:      layout_loops_corners, minmay_temple_entry_offerings,
          hellmonk_ghost_happy_afterlife
D:6:      layout_gridville, dk_rats_in_the_wall, uniq_blork_the_orc,
          uniq_maggie, uniq_eustachio
D:7:      layout_loops_ring, minmay_misc_feat_rugged
D:8:      layout_rooms, jmf_multi_god_temple, hellmonk_lair_entry_icy,
          uniq_psyche, uniq_pikel, uniq_grum
D:9:      kennysheep_big_flooded_room, layout_rooms, orc_0_dummy,
          enter_bailey_4, serial_rivers, chequers_serial_rivers_room_b,
          chequers_serial_rivers_micro_e, chequers_serial_rivers_large_b,
          chequers_serial_rivers_micro_d, chequers_serial_rivers_micro_b,
          uniq_erica, uniq_joseph, uniq_maurice

Skill      XL: |  1  2  3  4  5  6  7  8  9 10 |
---------------+-------------------------------+-----
Maces & Flails | 3 4 5 6 7 9 11 12 13 | 13.7
Armour         | 3 5 |  5.6
Fighting       | 4 6 |  6.5
Dodging        | |  0.8

Action                     |  1- 3 |  4- 6 |  7- 9 | 10-12 || total
---------------------------+-------+-------+-------+-------++-------
  Melee: Mace              |    80 |   100 |   267 |   198 ||   645
         Touch             |    13 |     9 |    40 |       ||    62
         Kick              |       |    10 |   106 |    36 ||   152
         Punch             |       |       |     6 |       ||     6
  Evoke: Piece from Xom's  |       |     1 |       |       ||     1
    Use: Scroll            |       |     7 |     9 |     4 ||    20
         Potion            |       |     5 |     6 |     4 ||    15
   Stab: Sleeping          |       |     1 |     1 |       ||     2
         Confused          |       |       |     1 |       ||     1
         Paralysed         |       |       |     1 |       ||     1
         Distracted        |       |       |     1 |       ||     1
         Petrifying        |       |       |     1 |       ||     1
 Armour: Leather armour    |    21 |    30 |       |       ||    51
         Fire dragon scale |       |    15 |    66 |       ||    81
         Shadow dragon sca |       |       |    29 |    98 ||   127
         Steam dragon scal |       |       |    18 |       ||    18
  Dodge: Dodged            |    52 |    62 |   133 |   106 ||   353
  Block: Other             |       |       |    36 |       ||    36
         Reflection        |       |       |     2 |     4 ||     6
         Orb               |       |       |    13 |    42 ||    55

Table legend: (Time is in decaauts)
 A = Elapsed time spent in this place.
 B = Non-inter-level travel time spent in this place.
 C = Inter-level travel time spent in this place.
 D = Time resting spent in this place.
 E = Time spent auto-exploring this place.
 F = Levels seen in this place.
 G = Mean time per level.
                   A        B        C        D        E       F      G
               +--------+--------+--------+--------+--------+-----+--------+
         Total |   8149 |   7765 |    384 |    250 |   6009 |   9 |  905.4 |
       Dungeon |   8149 |   7765 |    384 |    250 |   6009 |   9 |  905.4 |
               +--------+--------+--------+--------+--------+-----+--------+

Top non-repeatable levels by time:
     D:6: 1308 daAuts
     D:9: 1291 daAuts
     D:5: 947 daAuts
     D:7: 914 daAuts
     D:1: 854 daAuts
     D:8: 847 daAuts
     D:2: 756 daAuts
     D:4: 637 daAuts
     D:3: 591 daAuts
